 Dungeon Crawl Stone Soup version 0.24.0-13-gcf9b3192b9 (webtiles) character file.

Game seed: 9268583301947319057, levelgen mode: deterministic

67 Katsumi the Changer (level 3, 0/17 HPs)
             Began as a Felid Transmuter on Nov 9, 2019.
             Slain by a frilled lizard (2 damage)
             ... on level 3 of the Dungeon.
             The game lasted 00:04:04 (3880 turns).

Katsumi the Changer (Felid Transmuter)              Turns: 3880, Time: 00:04:05

Health: 0/17       AC:  1    Str:  6    XL:     3   Next: 98%
Magic:  7/7        EV: 18    Int: 15    God:
Gold:   124        SH:  0    Dex: 16    Spells: 3/6 levels left
                                        Lives:  0   Deaths: 1

rFire    . . .     SeeInvis +     - Unarmed
rCold    . . .     Gourm    .   (shield unavailable)
rNeg     . . .     Faith    .   (armour unavailable)
rPois    .         Spirit   .   (helmet unavailable)
rElec    .         Reflect  .   (cloak unavailable)
rCorr    .         Harm     .   (gloves unavailable)
MR       .....                  (boots unavailable)
Stlth    ++........             (no amulet)
HPRegen  0.05/turn              (no ring)
MPRegen  0.10/turn              (no ring)

@: quick
A: very small, no armour, no weapons or thrown items, stealth, claws 1, fangs 3,
see invisible, carnivore, speed 1, shaggy fur 1, slow metabolism 1, sharp paws
a: no special abilities


You were on level 3 of the Dungeon.
You were not hungry.

You visited 1 branch of the dungeon, and saw 3 of its levels.

You collected 124 gold pieces.

Inventory:

Missiles
 a - 5 arrows
Wands
 j - a wand of polymorph (4)
 n - a wand of iceblast (9)
Scrolls
 d - a scroll of amnesia {unknown}
 h - a scroll of remove curse {unknown}
 i - a scroll of identify {unknown}
 k - 2 scrolls of magic mapping {unknown}
 m - a scroll of immolation {unknown}
Potions
 b - a potion of mutation {unknown}
 e - a potion of flight {unknown}
 f - a potion of curing
 g - a potion of brilliance {unknown}
 l - a potion of degeneration {unknown}
Comestibles
 c - 6 rations


   Skills:
 - Level 3.6 Fighting
 - Level 2.6 Dodging
 - Level 3.0 Unarmed Combat
 - Level 2.0 Spellcasting
 + Level 4.1 Transmutations


You had 3 spell levels left.
You knew the following spells:

 Your Spells              Type           Power        Failure   Level  Hunger
a - Beastly Appendage     Tmut           ##....       4%          1    #......
b - Sticks to Snakes      Tmut           ##......     6%          2    ###....

Your spell library contained the following spells:

 Spells                   Type           Power        Failure   Level  Hunger
 Spider Form              Tmut/Pois      #.........   28%         3    ###....
 Ice Form                 Ice/Tmut       #.......     67%         4    #####..
 Blade Hands              Tmut           ##........   73%         5    ######.


Dungeon Overview and Level Annotations

Branches:
Dungeon (3/15)

Altars:


Innate Abilities, Weirdness & Mutations

You cannot wear armour.
You are incapable of wielding weapons or throwing items.
Your paws allow you to move quietly. (Stealth)
You have sharp claws.
You have razor-sharp teeth.
You have supernaturally acute eyesight. (SInv)
You are carnivorous and can eat meat at any time.
You cover ground quickly.
You are covered in fur. (AC +1)
You have a slow metabolism.
Your sharp claws are effective at attacking unaware monsters.


Message History

The frilled lizard misses you. The frilled lizard misses you.
The frilled lizard barely misses you. The frilled lizard misses you.
The frilled lizard misses you. The frilled lizard bites you.
* * * LOW HITPOINT WARNING * * *
The frilled lizard misses you. The frilled lizard misses you.
The frilled lizard closely misses you. The frilled lizard misses you.
The frilled lizard barely misses you. The frilled lizard closely misses you.
The frilled lizard misses you. The frilled lizard misses you.
The frilled lizard closely misses you. The frilled lizard misses you.
The frilled lizard barely misses you. The frilled lizard bites you.
You die...

#.#####.##....#
#####.### #.##....#
#.......###.##....#
#.##.....##.......#
#.#......###......#
#.#......###......#
#.#............##.#
#.#.......###+###.# #
#.@......<# #......
#.#####l......#######.#
##.....................#
#.............##########
#......#..............
#.####.#######........
#...# #........ ###.#
#........ #.# #........


You could see a frilled lizard.

Vanquished Creatures
  Jessica (D:2)
  Natasha (twice) (D:2)
  A worm (D:2)
  3 dart slugs
  2 leopard geckos
  2 orcs
  5 hobgoblins
  3 jackals (D:3)
  3 quokkas
  A ball python (D:2)
  3 bats
  A frilled lizard (D:1)
  6 goblins
  2 kobolds (D:3)
  2 rats
37 creatures vanquished.

Vanquished Creatures (collateral kills)
  Natasha (D:2)
1 creature vanquished.

Grand Total: 38 creatures vanquished

Notes
Turn   | Place    | Note
-------+----------+-------------------------------------------
     0 | D:1      | Katsumi the Felid Transmuter began the quest for the Orb.
     0 | D:1      | Reached XP level 1. HP: 9/9 MP: 4/4
   332 | D:1      | Reached XP level 2. HP: 13/13 MP: 4/6
   336 | D:1      | Learned a level 2 spell: Sticks to Snakes
   715 | D:2      | Noticed a phantom
   732 | D:2      | Noticed Natasha
   793 | D:2      | Noticed Jessica
   797 | D:2      | Killed Natasha
   963 | D:2      | Killed Jessica
   963 | D:2      | Reached XP level 3. HP: 17/17 MP: 7/7
  1039 | D:2      | Noticed Natasha
  1057 | D:2      | Killed Natasha
  1057 | D:2      | Reached XP level 4. HP: 12/21 MP: 3/8
  1233 | D:2      | Reached skill level 3 in Transmutations
  1346 | D:2      | Noticed Natasha
  1581 | D:2      | HP: 1/21 [shadow imp/nerve-wracking pain[Natasha] (13)]
  2135 | D:2      | Killed Natasha
  2831 | D:3      | Reached skill level 4 in Transmutations
  3794 | D:3      | Slain by an iguana
  3795 | D:3      | Reached XP level 3. HP: -1/17 MP: 7/7
  3880 | D:3      | Slain by a frilled lizard

Levels and vault maps discovered:
D:1:      dpeg_arrival_houses_and_road, layout_basic
D:2:      layout_loops_cross, uniq_natasha, uniq_jessica
D:3:      layout_basic, first_ration

Skill      XL: |  1  2  3  4 |
---------------+-------------+-----
Fighting       | 2 3 |  3.6
Transmutations | 4 |  4.1
Dodging        | |  2.6
Unarmed Combat | |  3.0
Spellcasting   | |  2.0

Action                   |  1- 3 |  4- 6 || total
-------------------------+-------+-------++-------
Melee: Unarmed           |    49 |    98 ||   147
       Headbutt          |     4 |    15 ||    19
       Bite              |     2 |    13 ||    15
       Punch             |       |     1 ||     1
 Cast: Beastly Appendage |    13 |    21 ||    34
       Sticks to Snakes  |     5 |     2 ||     7
 Stab: Sleeping          |     2 |       ||     2
  Eat: Chunk             |     6 |     3 ||     9
Armor: Skin              |     6 |     2 ||     8
Dodge: Dodged            |   104 |    70 ||   174
